[Event "Titled Tuesday Blitz May 4 2021"]
[White "Sharapov, Evgeny"]
[Black "Napoli, Nicolo"]
[WhiteFideId "14103133"]
[BlackFideId "813702"]
[WhiteElo "2367"]
[BlackElo "2330"]
[Result "1-0"]
[Round "03"]
[TimeControl "180+1"]
[Date "2021.05.04"]
[WhiteClock "0:00:47"]
[BlackClock "0:00:04"]

1. c4 c6 2. Nc3 d5 3. cxd5 cxd5 4. d4 Nf6 5. Nf3 Nc6 6. Bf4 Ne4 7. e3 Qa5 8. Qb3 e6 9. Bd3 Bd6 10. Bxd6 Nxd6 11. O-O O-O 12. Rfc1 h6 13. Ne5 Ne7 14. Nb5 Nxb5 15. Qxb5 Qxb5 16. Bxb5 a6 17. Ba4 f6 18. Nd7 Rd8 19. Nb6 Rb8 20. Rc7 Kf8 21. Rac1 e5 22. Bd7 Bxd7 23. Nxd7+ Rxd7 24. Rxd7 Nc6 25. dxe5 fxe5 26. Rxd5 Ke7 27. Rcd1 b5 28. Rd7+ Kf8 29. Rc7 Nd8 30. Rdd7 Ne6 31. Ra7 Rc8 32. h4 Rc1+ 33. Kh2 Rc8 34. Rd6 Nc5 35. b4 Ne4 36. Rdxa6 Nxf2 37. Ra8 Ng4+ 38. Kg3 Rxa8 39. Rxa8+ Ke7 40. Kxg4 1-0


[Site "https://www.chess.com"]

[Event "Titled Tuesday Blitz May 4 2021"]
[White "Shipov, Sergei"]
[Black "Bon, Michael"]
[WhiteFideId "4113624"]
[BlackFideId "620696"]
[WhiteElo "2728"]
[BlackElo "2427"]
[Result "1-0"]
[Round "03"]
[TimeControl "180+1"]
[Date "2021.05.04"]
[WhiteClock "0:00:11"]
[BlackClock "0:00:10"]

1. d4 d5 2. c4 Nc6 3. cxd5 Qxd5 4. e3 e5 5. Nc3 Bb4 6. Bd2 Bxc3 7. Bxc3 exd4 8. Ne2 Nf6 9. Nxd4 O-O 10. Nxc6 Qxc6 11. Rc1 Re8 12. Bxf6 Qxf6 13. Rxc7 Qxb2 14. Bc4 Qb4+ 15. Qd2 Qb1+ 16. Qd1 Qb4+ 17. Ke2 Bg4+ 18. f3 Rxe3+ 19. Kxe3 Qb6+ 20. Qd4 Re8+ 21. Kd3 Bf5+ 22. Kc3 Qxc7 23. Kb2 b5 24. Bb3 a5 25. Rc1 Qe7 26. Qc5 Qf6+ 27. Qc3 Re2+ 28. Ka1 a4 29. Qxf6 gxf6 30. Bd5 Be6 31. Bxe6 fxe6 32. Rb1 Rxg2 33. Rxb5 a3 34. Kb1 Rxh2 35. Rb3 Rb2+ 36. Rxb2 axb2 37. a4 1-0


[Site "https://www.chess.com"]

[Event "Titled Tuesday Blitz May 4 2021"]
[White "Shkapenko, Pavel"]
[Black "Abdisalimov, Abdimalik"]
[WhiteFideId "4151933"]
[BlackFideId "14206323"]
[WhiteElo "2386"]
[BlackElo "2389"]
[Result "1/2-1/2"]
[Round "03"]
[TimeControl "180+1"]
[Date "2021.05.04"]
[WhiteClock "0:00:26"]
[BlackClock "0:00:56"]

1. e4 c5 2. c3 d5 3. exd5 Qxd5 4. Nf3 Bg4 5. Qa4+ Bd7 6. Qb3 Qxb3 7. axb3 Nc6 8. Na3 e5 9. Nb5 Kd8 10. d4 cxd4 11. cxd4 Bb4+ 12. Bd2 Bxd2+ 13. Kxd2 Nxd4 14. Nbxd4 exd4 15. Bc4 Nf6 16. Ng5 Re8 17. Nxf7+ Kc7 18. f3 Bc6 19. Rhe1 b5 20. Bd3 g6 21. Ne5 Nd7 22. Nxc6 Kxc6 23. Rxe8 Rxe8 24. Rxa7 Ne5 25. Be4+ Kc5 26. Rxh7 Kb4 27. Rb7 Re6 28. h4 Kc5 29. Rb8 Kb4 30. f4 Nd7 31. Rd8 Rxe4 32. Rxd7 Rxf4 33. g3 Rf2+ 34. Kd3 Kxb3 35. Rb7 b4 36. Kxd4 Rxb2 37. Rb6 Rd2+ 38. Ke5 Kc3 39. Rc6+ Kb2 40. Rxg6 b3 41. Rb6 Rg2 42. Kf4 Kc2 43. h5 b2 44. g4 Rh2 45. Kg5 Rh3 46. Rxb2+ Kxb2 47. Kg6 Kc3 48. g5 Kd4 49. Kg7 Rxh5 50. g6 Ke5 51. Kf7 Rf5+ 52. Ke7 Rg5 53. Kf7 Kf5 54. g7 Rxg7+ 55. Kxg7 1/2-1/2


[Site "https://www.chess.com"]

[Event "Titled Tuesday Blitz May 4 2021"]
[White "Shtyka, Sergey"]
[Black "Mirzoev, Azer"]
[WhiteFideId "4138465"]
[BlackFideId "13400304"]
[WhiteElo "2102"]
[BlackElo "2525"]
[Result "1-0"]
[Round "03"]
[TimeControl "180+1"]
[Date "2021.05.04"]
[WhiteClock "0:00:50"]
[BlackClock "0:00:24"]

1. e4 e5 2. Nf3 Nc6 3. Nc3 Nf6 4. Bb5 Bd6 5. O-O O-O 6. h3 a6 7. Be2 Re8 8. d3 Bf8 9. Bg5 h6 10. Bh4 d6 11. Nd5 Be7 12. Nxe7+ Qxe7 13. c3 Nd8 14. Nh2 g5 15. Bg3 Ne6 16. Ng4 Kh7 17. Nxf6+ Qxf6 18. Bg4 Nc5 19. Bxc8 Raxc8 20. f3 Ne6 21. Kh2 Rcd8 22. Qe2 Qg6 23. Rg1 Rf8 24. Rad1 f5 25. exf5 Qxf5 26. Qe4 Nc5 27. Qxf5+ Rxf5 28. d4 exd4 29. Rxd4 Re8 30. Rd2 Rf7 31. Re1 Rxe1 32. Bxe1 Re7 33. Bf2 Na4 34. Bd4 b6 35. b3 Nc5 36. Bxc5 bxc5 37. Kg3 Re3 38. c4 Kg6 39. Kf2 Rc3 40. Re2 Kf6 41. Kg3 a5 42. h4 a4 43. hxg5+ hxg5 44. Rb2 a3 45. Re2 Rc1 46. Kf2 Rb1 47. Ke3 c6 48. Kd3 d5 49. cxd5 cxd5 50. Rc2 Rb2 51. Rxb2 axb2 52. Kc2 Ke5 53. a4 d4 54. Kxb2 Kd5 55. Kc2 Kc6 56. Kd3 Kb6 57. g3 Kc6 58. f4 g4 59. f5 Kd5 60. a5 Ke5 61. a6 1-0


[Site "https://www.chess.com"]

[Event "Titled Tuesday Blitz May 4 2021"]
[White "Shukhman, Anna"]
[Black "Caputcuoglu, Zeki Berke"]
[WhiteFideId "54180058"]
[BlackFideId "34548610"]
[WhiteElo "1628"]
[BlackElo "1368"]
[Result "1/2-1/2"]
[Round "03"]
[TimeControl "180+1"]
[Date "2021.05.04"]
[WhiteClock "0:00:19"]
[BlackClock "0:00:15"]

1. e4 e5 2. Nf3 Nc6 3. Bb5 a6 4. Ba4 Nf6 5. O-O Be7 6. Re1 b5 7. Bb3 O-O 8. c3 d5 9. d3 Bb7 10. a4 dxe4 11. dxe4 Qxd1 12. Bxd1 Rad8 13. Bc2 Nd7 14. axb5 axb5 15. Bd3 b4 16. Ba6 Ba8 17. Be3 Nc5 18. Nbd2 Nxa6 19. Rxa6 Bb7 20. Ra4 f6 21. Nc4 Ra8 22. Rea1 Rxa4 23. Rxa4 Ra8 24. Rxa8+ Bxa8 25. Nfd2 Kf7 26. f3 Ke6 27. Nb3 bxc3 28. bxc3 Nd8 29. Nc5+ Kf7 30. Na5 Ne6 31. Ncb3 g6 32. g4 h5 33. h3 hxg4 34. hxg4 Ba3 35. Kf2 Ke7 36. Ke2 Kd7 37. Kd3 Bf8 38. Kc4 Nd8 39. Nc5+ Bxc5 40. Bxc5 Ne6 41. Be3 Kd6 42. Kd3 Nc5+ 43. Kc4 Ne6 44. Kd3 Nc5+ 45. Kc4 Nxe4 46. fxe4 Bxe4 47. Kb5 Bd3+ 48. Kb4 f5 49. gxf5 gxf5 50. c4 f4 51. Bf2 e4 52. Kc3 Bf1 53. Bg1 Ke5 54. Nc6+ Kd6 55. Nd4 e3 56. Bh2 Ke5 57. Ne6 Kxe6 58. Bxf4 e2 59. Kd2 c6 60. c5 Kd5 61. Be3 Kc4 62. Bf2 Kd5 63. Bg1 Ke4 64. Ke1 Kf3 65. Bd4 Bh3 66. Be5 Be6 67. Bd6 Bc4 68. Bf8 Ke3 69. Be7 Kd4 70. Bf8 Ke5 71. Be7 Ke6 72. Bd6 Kd5 73. Bf8 Kd4 74. Bd6 Ke3 75. Bf8 Kd4 76. Bd6 Ke3 77. Bf8 Kd4 1/2-1/2


[Site "https://www.chess.com"]

[Event "Titled Tuesday Blitz May 4 2021"]
[White "Shuvalov, Evgenij"]
[Black "Kovalev, Egor"]
[WhiteFideId "4187237"]
[BlackFideId "24124117"]
[WhiteElo "2163"]
[BlackElo "2253"]
[Result "1-0"]
[Round "03"]
[TimeControl "180+1"]
[Date "2021.05.04"]
[WhiteClock "0:00:18"]
[BlackClock "0:00:01"]

1. Nf3 Nf6 2. c4 g6 3. Nc3 d5 4. d4 Bg7 5. h4 dxc4 6. e4 c5 7. d5 b5 8. e5 Ng4 9. d6 Bb7 10. Bg5 Qa5 11. dxe7 Nd7 12. a4 Qb4 13. Be2 Ngxe5 14. O-O a6 15. Nd5 Bxd5 16. Qxd5 Rc8 17. Nxe5 Bxe5 18. Rfd1 Bd4 19. Bg4 f5 20. Qxf5 Rc7 21. Qf4 Rb7 22. Be6 Ne5 23. Rxd4 cxd4 24. Qxe5 1-0


[Site "https://www.chess.com"]

[Event "Titled Tuesday Blitz May 4 2021"]
[White "Shvedova, Alexandra"]
[Black "Piccoli, Lucas Fonseca"]
[WhiteFideId "54154782"]
[BlackFideId "2190788"]
[WhiteElo "1887"]
[BlackElo "1776"]
[Result "1-0"]
[Round "03"]
[TimeControl "180+1"]
[Date "2021.05.04"]
[WhiteClock "0:00:26"]
[BlackClock "0:00:01"]

1. e4 c5 2. Ne2 e6 3. d4 cxd4 4. Nxd4 a6 5. Nc3 Qc7 6. Qf3 Nf6 7. Qg3 Qxg3 8. hxg3 Bb4 9. f3 d6 10. Be3 Bd7 11. O-O-O Ke7 12. g4 Nc6 13. g5 Ne8 14. Nb3 Nc7 15. a3 Bxc3 16. bxc3 b5 17. Kb2 e5 18. g3 Be6 19. f4 Bc4 20. f5 f6 21. Rh2 Rab8 22. Bg2 a5 23. Rdh1 Bg8 24. g4 b4 25. cxb4 axb4 26. a4 Ra8 27. Bb6 Na6 28. a5 Nab8 29. Bf1 Nd7 30. Bb5 Ncb8 31. Be3 1-0


[Site "https://www.chess.com"]

[Event "Titled Tuesday Blitz May 4 2021"]
[White "Sieciechowicz, Marcin"]
[Black "Zhukov, Anton"]
[WhiteFideId "1130170"]
[BlackFideId "34187534"]
[WhiteElo "2288"]
[BlackElo "2172"]
[Result "0-1"]
[Round "03"]
[TimeControl "180+1"]
[Date "2021.05.04"]
[WhiteClock "0:00:01"]
[BlackClock "0:00:02"]

1. d4 Nf6 2. c4 e6 3. Nc3 Bb4 4. e3 O-O 5. Bd2 d5 6. Nf3 c5 7. a3 Bxc3 8. Bxc3 Ne4 9. Qc2 Nxc3 10. Qxc3 b6 11. dxc5 bxc5 12. cxd5 Qxd5 13. Bc4 Qh5 14. O-O Bb7 15. Be2 Nd7 16. Rac1 Rac8 17. Rfd1 Rfd8 18. Qa5 a6 19. Bxa6 Bxf3 20. Bxc8 Rxc8 21. gxf3 Nf8 22. Qa6 Rb8 23. Qe2 Ng6 24. Kh1 Nh4 25. Rc4 Nxf3 26. h4 Qf5 27. Kg2 Ne5 28. Rf4 Qg6+ 29. Kh1 Qh6 30. b4 Ng6 31. Rg4 Nxh4 32. Kg1 Nf5 33. bxc5 Qf6 34. Qf3 h5 35. Rg2 Rb2 36. Qf4 h4 37. c6 h3 38. Rg4 Qc3 39. c7 Rc2 40. Rd8+ Kh7 41. c8=Q Qe1+ 42. Kh2 Rxf2+ 43. Qxf2 Qxf2+ 44. Kxh3 Qf3+ 45. Kh2 Qxg4 46. Rh8+ Kg6 47. Qc2 Qg3+ 48. Kh1 Qe1+ 49. Kg2 Kf6 50. Qb2+ e5 51. Qb6+ Kg5 52. Qd8+ f6 53. Qd3 Nxe3+ 54. Kf3 Nf5 55. Qc4 e4+ 0-1


[Site "https://www.chess.com"]

[Event "Titled Tuesday Blitz May 4 2021"]
[White "Sikorova, Olga"]
[Black "Rodriguez, Santiago"]
[WhiteFideId "307033"]
[BlackFideId "3000591"]
[WhiteElo "2188"]
[BlackElo "2256"]
[Result "1-0"]
[Round "03"]
[TimeControl "180+1"]
[Date "2021.05.04"]
[WhiteClock "0:00:08"]
[BlackClock "0:00:06"]

1. c4 e5 2. g3 Bc5 3. Bg2 Nc6 4. Nc3 d6 5. e3 a6 6. Nge2 Ba7 7. d4 h5 8. h4 Bg4 9. f3 Bd7 10. d5 Nce7 11. e4 f5 12. Bg5 Nf6 13. Qd2 fxe4 14. Nxe4 Nf5 15. b4 Qe7 16. Rc1 Nd4 17. c5 O-O 18. Nxd4 exd4 19. Qxd4 Bb5 20. Kd2 Nxe4+ 21. fxe4 Qe5 22. Qxe5 Rf2+ 23. Ke1 Re2+ 24. Kd1 dxe5 25. Bf3 Rxa2 26. Re1 a5 27. Bd2 axb4 28. Re3 Rf8 29. Ke1 Ra3 30. Kf2 Ra2 31. Ke1 b6 32. Bxb4 bxc5 33. Bxc5 Bxc5 34. Rxc5 c6 35. dxc6 Ba4 36. Rc1 Rc8 37. c7 Bb5 38. Rec3 Ba6 39. Bxh5 Rg2 40. Bg4 Rg1+ 41. Kf2 Rxc1 42. Rxc1 Rf8+ 43. Kg1 Bc8 44. Bxc8 Rxc8 45. Kf2 Kf7 46. Kf3 Ke6 47. Kg4 Kf6 48. Rc6+ Kf7 49. Kf5 1-0


[Site "https://www.chess.com"]

[Event "Titled Tuesday Blitz May 4 2021"]
[White "Skoberne, Jure"]
[Black "Delgadillo, Adonay"]
[WhiteFideId "14604299"]
[BlackFideId "3301915"]
[WhiteElo "2559"]
[BlackElo "2103"]
[Result "1/2-1/2"]
[Round "03"]
[TimeControl "180+1"]
[Date "2021.05.04"]
[WhiteClock "0:00:10"]
[BlackClock "0:00:16"]

1. d4 Nf6 2. c4 g6 3. Nf3 d6 4. g3 Bg7 5. Bg2 O-O 6. O-O Nbd7 7. Nc3 c6 8. e4 e5 9. h3 Re8 10. Re1 Qb6 11. c5 dxc5 12. dxe5 Nxe5 13. Nxe5 Rxe5 14. f4 Re8 15. e5 Nd5 16. Nxd5 cxd5 17. Qxd5 Rd8 18. Qf3 c4+ 19. Qf2 Bf8 20. Be3 Qa6 21. g4 Qa5 22. a3 Be6 23. Red1 Rd3 24. Rxd3 cxd3 25. Bxb7 Rb8 26. Be4 Rb3 27. Rd1 Qb5 28. Rd2 Bd5 29. Qf3 Bc5 30. f5 Bxe3+ 31. Qxe3 Bxe4 32. Qxe4 Qc5+ 33. Kg2 Qc1 34. Rf2 Rxb2 35. Qxd3 Rxf2+ 36. Kxf2 Qf4+ 37. Kg2 Qxe5 38. fxg6 hxg6 39. Kf3 Kg7 40. Qb3 f5 41. gxf5 Qxf5+ 42. Kg3 a5 43. Qe3 g5 44. Qa7+ Kg6 45. Qa6+ Kh5 46. Qe2+ Kg6 47. Qe8+ Kf6 48. Qf8+ Ke5 49. Qxf5+ Kxf5 50. Kf3 Kf6 51. Kg4 Kg6 52. a4 Kf6 53. h4 gxh4 54. Kxh4 Ke5 55. Kg3 Kd4 56. Kf3 Kc4 57. Ke2 Kb4 58. Kd2 Kxa4 59. Kc1 Kb3 60. Kb1 a4 61. Ka1 a3 62. Kb1 a2+ 63. Ka1 Ka3 1/2-1/2


[Site "https://www.chess.com"]

[Event "Titled Tuesday Blitz May 4 2021"]
[White "Smietanska, Wiktoria"]
[Black "Kostiukov, Alexandr"]
[WhiteFideId "21869359"]
[BlackFideId "14108100"]
[WhiteElo "1780"]
[BlackElo "2240"]
[Result "0-1"]
[Round "03"]
[TimeControl "180+1"]
[Date "2021.05.04"]
[WhiteClock "0:01:19"]
[BlackClock "0:00:54"]

1. e4 c5 2. d4 cxd4 3. c3 g6 4. cxd4 d5 5. e5 Nc6 6. Nc3 Bg7 7. Nf3 Bg4 8. Be2 Nh6 9. h3 Bxf3 10. Bxf3 Nf5 11. Bxd5 Nfxd4 12. f4 O-O 13. Kf1 Qa5 14. Kg1 Rad8 15. Kh2 e6 16. Bxc6 Nxc6 17. Qg4 h5 18. Qg3 Qb4 19. b3 Nd4 20. Bb2 Nf5 21. Qf2 Rd3 22. Rac1 Rfd8 23. Rhd1 Rxd1 24. Rxd1 Rxd1 25. Nxd1 Qe4 26. Nc3 Qd3 27. g3 b6 28. Nb5 Qxb5 29. g4 hxg4 30. hxg4 Nh6 31. g5 Ng4+ 0-1


[Site "https://www.chess.com"]

[Event "Titled Tuesday Blitz May 4 2021"]
[White "Sokolov, Andrey M."]
[Black "Ward-Tsh"]
[WhiteFideId "4171438"]
[WhiteElo "2349"]
[BlackElo "2514"]
[Result "0-1"]
[Round "03"]
[TimeControl "180+1"]
[Date "2021.05.04"]
[WhiteClock "0:00:12"]
[BlackClock "0:00:55"]

1. d4 d5 2. Bf4 Nf6 3. e3 c5 4. c3 Nc6 5. Nd2 g6 6. Ngf3 Bg7 7. Bd3 O-O 8. h3 Qb6 9. Rb1 Nh5 10. Bh2 Re8 11. Ne5 Nxe5 12. dxe5 Bf8 13. O-O Ng7 14. Qf3 Bf5 15. Bxf5 Nxf5 16. Rfd1 e6 17. e4 Ne7 18. exd5 exd5 19. c4 d4 20. Ne4 Bg7 21. Nd6 Rf8 22. Qxb7 Nc6 23. f4 Rab8 24. Qxb6 Rxb6 25. b3 Nb4 26. Rd2 Ra6 27. a4 Rb8 28. Ne4 Ra5 29. g4 Nc6 30. Nf2 Rxa4 31. Nd3 Rxc4 32. f5 Rc3 33. f6 Bh6 34. Rdd1 Be3+ 35. Kg2 c4 36. Nc5 d3 37. e6 Rc2+ 38. Kh1 Rxh2+ 39. Kxh2 Bxc5 40. bxc4 Rxb1 41. exf7+ Kxf7 42. Rxb1 Kxf6 43. Rd1 Ne5 44. Kg3 Be3 45. c5 Bxc5 46. Kf4 g5+ 47. Ke4 a5 48. Rf1+ Ke6 49. Rf5 Bd6 50. Rxg5 d2 0-1


[Site "https://www.chess.com"]

[Event "Titled Tuesday Blitz May 4 2021"]
[White "Sowa, Ryan"]
[Black "Mayaud, Raphael"]
[WhiteFideId "30901693"]
[BlackFideId "627151"]
[WhiteElo "2571"]
[BlackElo "2191"]
[Result "1-0"]
[Round "03"]
[TimeControl "180+1"]
[Date "2021.05.04"]
[WhiteClock "0:02:08"]
[BlackClock "0:00:36"]

1. Nf3 d5 2. d4 c6 3. Bf4 Nf6 4. e3 Bg4 5. c4 e6 6. Qb3 Qb6 7. Ne5 Nbd7 8. Nxg4 Nxg4 9. c5 Qxb3 10. axb3 a6 11. b4 Rc8 12. Nd2 Be7 13. Nb3 Bd8 14. Na5 Bxa5 15. bxa5 e5 16. Bg3 exd4 17. exd4 O-O 18. Kd2 Ngf6 19. f3 Rfd8 20. Ra3 Nf8 21. Rb3 Rd7 22. Bd3 g6 23. Ra1 Ne6 24. Kc3 Nh5 25. Bd6 Nhf4 26. Bf1 Nd8 27. Bxf4 1-0


[Site "https://www.chess.com"]

[Event "Titled Tuesday Blitz May 4 2021"]
[White "Spyropoulos, Nikolaos"]
[Black "Serikbay, Assel"]
[WhiteFideId "4298977"]
[BlackFideId "13706799"]
[WhiteElo "2159"]
[BlackElo "2044"]
[Result "1-0"]
[Round "03"]
[TimeControl "180+1"]
[Date "2021.05.04"]
[WhiteClock "0:02:02"]
[BlackClock "0:00:31"]

1. e4 e6 2. d4 d5 3. Nc3 dxe4 4. Nxe4 Nf6 5. Bg5 Be7 6. Bxf6 Bxf6 7. Nf3 Nd7 8. Qd2 O-O 9. O-O-O b6 10. Bd3 Bb7 11. h4 c5 12. dxc5 Nxc5 13. Nxc5 bxc5 14. Ng5 g6 15. Be4 Qb6 16. c3 Bxg5 17. hxg5 Bxe4 18. Qf4 Qb7 19. Rxh7 Bxg2 20. Qh4 1-0


[Site "https://www.chess.com"]

[Event "Titled Tuesday Blitz May 4 2021"]
[White "Srihari L R"]
[Black "Mchedlishvili, Mikheil"]
[WhiteFideId "46617116"]
[BlackFideId "13600966"]
[WhiteElo "2121"]
[BlackElo "2618"]
[Result "0-1"]
[Round "03"]
[TimeControl "180+1"]
[Date "2021.05.04"]
[WhiteClock "0:00:12"]
[BlackClock "0:00:21"]

1. Nf3 Nf6 2. c4 c5 3. g3 b6 4. Bg2 Bb7 5. O-O e6 6. b3 Be7 7. Bb2 O-O 8. Nc3 d6 9. e3 Nbd7 10. d4 cxd4 11. Nxd4 Bxg2 12. Kxg2 Qc7 13. Ndb5 Qc6+ 14. Qf3 Qxf3+ 15. Kxf3 a6 16. Nd4 Rac8 17. Rac1 Rfd8 18. Rfd1 Kf8 19. h3 Nc5 20. Ke2 Nfe4 21. Nxe4 Nxe4 22. Nf3 Bf6 23. Bxf6 Nxf6 24. g4 Ke7 25. Nd4 Rc7 26. Rc2 Rdc8 27. Rdc1 g6 28. b4 Nd7 29. a4 Ne5 30. b5 a5 31. f4 Nd7 32. Ra1 Rxc4 33. Rxc4 Rxc4 34. Nc6+ Ke8 35. f5 exf5 36. gxf5 gxf5 37. Rd1 Rxa4 38. Rxd6 Rh4 39. Rd5 Rxh3 40. Rxf5 a4 41. Rf4 Nc5 42. Rd4 Rh2+ 43. Kd1 f6 44. Rd8+ Kf7 45. Ra8 Ke6 46. Ra6 Kd5 47. Rxb6 a3 48. Nb4+ Kc4 49. Nc2 a2 50. Na1 Rh1+ 51. Kc2 Rxa1 52. Kb2 Rf1 53. Kxa2 Rf2+ 54. Ka3 h5 55. Rb8 h4 56. b6 h3 57. b7 Nxb7 58. Rxb7 h2 59. Rh7 Kd3 60. Rh3 Ke2 61. Kb4 Kf1 62. Kc4 Kg1 63. Rh8 h1=Q 64. Rxh1+ Kxh1 65. Kd4 Kg2 66. e4 Kg3 67. e5 fxe5+ 68. Kxe5 Rf4 69. Kd5 Kg4 70. Ke5 Kg5 71. Ke6 Rf1 72. Ke5 Re1+ 73. Kd4 Kf5 74. Kd3 Re7 75. Kc4 Rd7 76. Kc5 Ke4 77. Kc6 Rd1 78. Kc5 Rd2 79. Kc6 Ke5 80. Kc7 Ke6 81. Kb6 Rc2 82. Kb5 Kd5 83. Kb4 Rc8 84. Kb3 Kd4 85. Kb2 Kd3 86. Kb1 Kd2 87. Ka2 Rb8 88. Ka3 Kc3 89. Ka4 Rb1 90. Ka5 Kc4 91. Ka6 Kc5 92. Ka5 Ra1# 0-1


[Site "https://www.chess.com"]

[Event "Titled Tuesday Blitz May 4 2021"]
[White "Stromboli, Ettore"]
[Black "Krivonosov, Oleg"]
[WhiteFideId "813761"]
[BlackFideId "11600349"]
[WhiteElo "2414"]
[BlackElo "2469"]
[Result "0-1"]
[Round "03"]
[TimeControl "180+1"]
[Date "2021.05.04"]
[WhiteClock "0:00:06"]
[BlackClock "0:00:09"]

1. e4 e5 2. Nf3 Nc6 3. Bb5 Nf6 4. Nc3 Bd6 5. O-O O-O 6. Re1 Re8 7. Nd5 h6 8. c3 a6 9. Bd3 Bf8 10. Bc2 d6 11. h3 Nxd5 12. exd5 Ne7 13. d4 exd4 14. Qxd4 Bf5 15. Rxe7 Bxc2 16. Rxe8 Qxe8 17. Bf4 Qd7 18. Re1 Re8 19. Qd2 Rxe1+ 20. Qxe1 Qe7 21. Qd2 Bb1 22. b3 Qe4 23. c4 Bxa2 24. Qxa2 Qxf4 25. Qa5 Qe4 26. Kh2 Qe7 27. Qd2 g6 28. Qb4 b6 29. Qa4 a5 30. b4 axb4 31. Qxb4 Bg7 32. Qa4 Bf6 33. Qc6 Kg7 34. Qa4 h5 35. Qc6 Kf8 36. Qa8+ Kg7 37. Qa4 Be5+ 38. Nxe5 Qxe5+ 39. g3 h4 40. Qc2 hxg3+ 41. fxg3 Qd4 42. Qe2 Qe5 43. Qc2 f5 44. h4 f4 45. gxf4 Qxf4+ 46. Kh3 Kf6 47. Qc3+ Qe5 48. Qc1 Qf5+ 49. Kg3 Qd3+ 50. Kg4 Qe2+ 51. Kg3 Qe5+ 52. Kg4 Qf5+ 53. Kg3 g5 54. h5 Kg7 55. Qe3 Kf6 56. Qc1 Qe5+ 57. Kg4 Qe4+ 58. Kg3 Qh4+ 59. Kg2 Qg4+ 60. Kf2 Qxh5 61. Qc3+ Kf7 62. Qd3 Qg6 63. Qf3+ Qf6 64. Ke3 Qxf3+ 65. Kxf3 Kg6 66. Kg4 Kf6 67. c5 0-1


[Site "https://www.chess.com"]

[Event "Titled Tuesday Blitz May 4 2021"]
[White "Suarez Uriel, Adrian"]
[Black "Komiagina, Maria"]
[WhiteFideId "22230874"]
[BlackFideId "4153987"]
[WhiteElo "2299"]
[BlackElo "2014"]
[Result "0-1"]
[Round "03"]
[TimeControl "180+1"]
[Date "2021.05.04"]
[WhiteClock "0:00:06"]
[BlackClock "0:00:04"]

1. Nf3 Nf6 2. b3 d6 3. d4 g6 4. g3 Bg7 5. Bb2 O-O 6. Bg2 Nbd7 7. O-O e5 8. dxe5 Ng4 9. Qc1 Ngxe5 10. Nxe5 dxe5 11. Rd1 Qe7 12. Ba3 c5 13. Nc3 e4 14. Nd5 Qe5 15. Rb1 Nb6 16. Bb2 Qh5 17. Ne7+ Kh8 18. Bxg7+ Kxg7 19. Qb2+ f6 20. Bxe4 Bh3 21. Bxb7 Rad8 22. Bf3 Bg4 23. Qc3 Rfe8 24. Nc6 Rc8 25. Na5 Rc7 26. Rd6 Nd7 27. Rbd1 Ne5 28. Bxg4 Nxg4 29. h4 Ne5 30. f4 Ng4 31. Rd7+ Rxd7 32. Rxd7+ Kh6 33. Qf3 Qf5 34. Nc4 Qxd7 35. f5 Qd4+ 36. Kg2 g5 37. hxg5+ Kxg5 38. e3 Qe4 39. Nd6 Qxf3+ 40. Kxf3 Rxe3+ 41. Kg2 Re2+ 42. Kg1 Rxc2 43. Nf7+ Kxf5 44. Nd6+ Ke5 45. Nc4+ Kd5 46. Kf1 Rxa2 47. Ke1 Ra1+ 48. Ke2 Ne5 49. Ne3+ Ke4 50. Nd1 Ra2+ 51. Ke1 Nd3+ 52. Kf1 Ra1 53. Ke2 Ra2+ 54. Kf1 Kf3 55. Kg1 Ra1 56. Kh2 Rxd1 57. g4 Nf4 58. g5 Rd2+ 59. Kh1 Kg3 60. g6 Rd1# 0-1


[Site "https://www.chess.com"]

[Event "Titled Tuesday Blitz May 4 2021"]
[White "Suvorov, Alexander"]
[Black "Piorun, Kacper"]
[WhiteFideId "12977063"]
[BlackFideId "1130420"]
[WhiteElo "2221"]
[BlackElo "2535"]
[Result "0-1"]
[Round "03"]
[TimeControl "180+1"]
[Date "2021.05.04"]
[WhiteClock "0:00:12"]
[BlackClock "0:00:17"]

1. d4 Nf6 2. c4 g6 3. Nc3 Bg7 4. e4 O-O 5. Nf3 d6 6. Be2 e5 7. Be3 Nbd7 8. O-O Re8 9. d5 Nh5 10. g3 Bf8 11. Ne1 Ng7 12. Nd3 f5 13. Qd2 Nf6 14. f3 h5 15. c5 a6 16. Rac1 Be7 17. cxd6 cxd6 18. Na4 fxe4 19. fxe4 Bh3 20. Nb6 Bxf1 21. Rxf1 Rb8 22. Qb4 Nd7 23. Nc4 Nf6 24. Nb6 Rf8 25. a4 Ng4 26. Bxg4 Rxf1+ 27. Kxf1 hxg4 28. Nf2 Bg5 29. Nxg4 Bxe3 30. Nxe3 Qe7 31. Ke2 Rf8 32. Nbc4 Ne8 33. Na5 Qf7 34. Nxb7 Qf2+ 35. Kd3 Rf3 36. Qd2 Qg1 37. b4 Rf2 38. Qc3 Qb1+ 39. Nc2 Qf1+ 40. Ke3 Qe2# 0-1


[Site "https://www.chess.com"]

[Event "Titled Tuesday Blitz May 4 2021"]
[White "Svane, Rasmus"]
[Black "Aradhya, Garg"]
[WhiteFideId "4657101"]
[BlackFideId "25006746"]
[WhiteElo "2669"]
[BlackElo "2146"]
[Result "1-0"]
[Round "03"]
[TimeControl "180+1"]
[Date "2021.05.04"]
[WhiteClock "0:00:16"]
[BlackClock "0:00:10"]

1. Nf3 d5 2. g3 Nf6 3. Bg2 c5 4. O-O g6 5. c4 Bg7 6. cxd5 O-O 7. Nc3 Nxd5 8. Nxd5 Qxd5 9. d3 Nc6 10. Be3 Qd6 11. Rc1 Nd4 12. Nxd4 cxd4 13. Bd2 Be6 14. Qa4 Bd5 15. Qb5 Rfd8 16. Bb4 Qe6 17. Bxd5 Rxd5 18. Qxb7 Rad8 19. Qxe7 Qxe7 20. Bxe7 Re8 21. Ba3 h5 22. Rc2 h4 23. Kg2 hxg3 24. hxg3 Rde5 25. Re1 f5 26. Kf1 Bh6 27. Bc5 Rd5 28. Bxa7 f4 29. gxf4 Bxf4 30. e3 dxe3 31. Bxe3 Bd6 32. d4 Ra8 33. a3 Kf7 34. Rec1 g5 35. Rc8 Ra7 36. Rh8 Kg6 37. Rc6 Kf5 38. Rg8 Bf4 39. Bxf4 gxf4 40. Rc5 Ke4 41. Rxd5 Kxd5 42. Kg2 Rb7 43. b4 Ra7 44. Rg5+ Kxd4 45. Ra5 Rh7 46. Kf3 Rh2 47. Ra8 Kc4 48. Rf8 Kb3 49. b5 Rh6 50. Rxf4 Kxa3 51. Kg4 Rb6 52. Rf5 Kb4 53. f4 Kc4 54. Re5 Kd4 55. Kg5 Rb8 56. Re7 Kd5 57. f5 Kd6 58. f6 Rxb5+ 59. Kg6 Rb1 60. Re2 Rg1+ 61. Kf7 Ra1 62. Kg7 Rg1+ 63. Kf8 Kd7 64. f7 Rf1 65. Rd2+ Ke6 66. Ke8 Rxf7 67. Re2+ Kf6 68. Rf2+ Kg6 69. Rxf7 Kg5 70. Ke7 Kg6 71. Ke6 Kg5 72. Rf6 Kh5 73. Rf5+ Kg4 74. Ke5 Kh4 75. Kf4 Kh3 76. Kf3 Kh4 77. Re5 Kh3 78. Rh5# 1-0


[Site "https://www.chess.com"]

[Event "Titled Tuesday Blitz May 4 2021"]
[White "Sviridova, Vlada"]
[Black "DraG0s3L"]
[WhiteFideId "24109606"]
[WhiteElo "2101"]
[BlackElo "2530"]
[Result "1-0"]
[Round "03"]
[TimeControl "180+1"]
[Date "2021.05.04"]
[WhiteClock "0:00:12"]
[BlackClock "0:00:40"]

1. d4 Nf6 2. c4 e6 3. Nf3 b6 4. g3 Ba6 5. b3 d5 6. Bg2 Bb4+ 7. Bd2 Be7 8. O-O O-O 9. Nc3 Nbd7 10. Ne5 Bb7 11. cxd5 exd5 12. Nd3 c6 13. h4 Bd6 14. Bf4 Qe7 15. Bxd6 Qxd6 16. Nf4 Rfe8 17. e3 h6 18. Re1 Ne4 19. Nxe4 dxe4 20. Qc2 Nf6 21. Red1 Rad8 22. a4 g5 23. hxg5 hxg5 24. Ne2 Ba6 25. Nc3 Bd3 26. Rxd3 exd3 27. Qxd3 Qe6 28. Rb1 Kg7 29. e4 c5 30. e5 Ng4 31. Qd2 cxd4 32. Qxg5+ Qg6 33. Qxg6+ fxg6 34. Nb5 Nxe5 35. Rd1 d3 36. Be4 d2 37. f3 a6 38. Nc7 Rd6 39. Nxe8+ 1-0


[Site "https://www.chess.com"]

[Event "Titled Tuesday Blitz May 4 2021"]
[White "Sztokbant, Bernardo Vainzoff"]
[Black "Priyanka, K"]
[WhiteFideId "2115956"]
[BlackFideId "5082986"]
[WhiteElo "2264"]
[BlackElo "1893"]
[Result "1-0"]
[Round "03"]
[TimeControl "180+1"]
[Date "2021.05.04"]
[WhiteClock "0:00:03"]
[BlackClock "0:00:02"]

1. e4 c5 2. Nf3 d6 3. d4 cxd4 4. Nxd4 Nf6 5. Nc3 a6 6. Be2 e5 7. Nb3 Be7 8. O-O O-O 9. a4 Nc6 10. f4 exf4 11. Bxf4 Ne5 12. Qd2 Be6 13. Kh1 Qc7 14. Nd4 Rac8 15. Rad1 Nc4 16. Bxc4 Qxc4 17. Rfe1 Bg4 18. Rc1 Rfd8 19. h3 Bd7 20. Qd3 Bxa4 21. Nf5 Bf8 22. Bg5 Qxd3 23. cxd3 Bc6 24. Nh6+ gxh6 25. Bxf6 Re8 26. Re3 Be7 27. Rg3+ Kf8 28. Bg7+ Kg8 29. Bxh6+ Kh8 30. Bg7+ Kg8 31. Rf1 Bh4 32. Rg4 Bd7 33. Rxh4 Kxg7 34. Rhf4 Be6 35. d4 Rc7 36. Rf6 Rd8 37. Kh2 b5 38. R6f2 Bc4 39. Ra1 b4 40. Nd1 Re8 41. Rf4 Rce7 42. Nf2 Bb5 43. Rc1 a5 44. b3 a4 45. bxa4 Bxa4 46. Rc4 Rb8 47. Nd3 Bb5 48. Rxb4 Bxd3 49. Rxb8 Rxe4 50. Rxe4 Bxe4 51. g4 d5 52. Kg3 f5 53. g5 h6 54. Kf4 hxg5+ 55. Kxg5 Kf7 56. Rb7+ Ke6 57. h4 f4 58. Kxf4 Kf6 59. Rb6+ Kg7 60. h5 Kh7 61. h6 Bg6 62. Kg5 Be4 63. Rb7+ Kh8 64. Kf6 Bd3 65. Rc7 Be4 66. Rd7 Kg8 67. h7+ Kh8 68. Ke5 1-0


[Site "https://www.chess.com"]